 Dungeon Crawl Stone Soup version 0.28-a0-793-g31680bbd8b (webtiles) character file.

Game seed: 12783309362877228107

16 kae the Caller (level 2, -9/20 HPs)
             Began as a Merfolk Summoner on Nov 4, 2021.
             Mangled by a gnoll (11 damage)
             ... on level 1 of the Dungeon.
             The game lasted 00:00:34 (1379 turns).

kae the Caller (Merfolk Summoner)                   Turns: 1379, Time: 00:00:35

Health: -9/20      AC:  2    Str:  8    XL:     2   Next: 54%
Magic:  4/5        EV: 13    Int: 14    God:
Gold:   0          SH:  0    Dex: 14    Spells: 2/5 levels left

rFire   . . .      SeeInvis .   (no weapon)
rCold   . . .      Faith    .   (no shield)
rNeg    . . .      Spirit   .   a - +0 robe
rPois   .          Reflect  .   (no helmet)
rElec   .          Harm     .   (no cloak)
rCorr   .          Rampage  .   (no gloves)
Will    .....                   (no boots)
Stlth   ++........              (no amulet)
HPRegen 0.06/turn               (no ring)
MPRegen 0.09/turn               (no ring)

@: no status effects
A: (nimble swimmer 2), mertail
a: no special abilities


You were on level 1 of the Dungeon.
You visited 1 branch of the dungeon, and saw 1 of its levels.

Inventory:

Armour
 a - a +0 robe (worn)
Scrolls
 b - a scroll of identify {unknown}
Potions
 c - a potion of berserk rage {unknown}
 d - 2 potions of haste {unknown}


   Skills:
 + Level 0.8 Fighting
 + Level 3.0 Dodging
 - Level 2.1 Stealth
 + Level 2.1 Spellcasting
 * Level 4.2 Summonings


You had 2 spell levels left.
You knew the following spells:

 Your Spells              Type           Power      Damage    Failure   Level
a - Summon Small Mammal   Summ           52%        N/A       4%          1
b - Call Imp              Summ           13%        N/A       6%          2

Your spell library contained the following spells:

 Spells                   Type           Power      Damage    Failure   Level
 Call Canine Familiar     Summ           13%        N/A       12%         3
 Summon Guardian Golem    Hex/Summ       7%         N/A       28%         3
 Summon Lightning Spire   Summ/Air       7%         N/A       67%         4


Dungeon Overview and Level Annotations

Branches:
Dungeon (1/15)

Altars:


Innate Abilities, Weirdness & Mutations

((You are quick and stealthy near water. (Stealth+, EV+, Speed+++)))
Your lower body shifts to a powerful aquatic tail in water.


Message History

You barely miss the frilled lizard. Your quokka misses the frilled lizard.
The frilled lizard hisses.
The frilled lizard completely misses you.
You hit the frilled lizard but do no damage.
Your quokka barely misses the frilled lizard.
Your quokka misses the frilled lizard. The frilled lizard bites you.
A frilled lizard is nearby!
You hit the frilled lizard.
The frilled lizard is heavily wounded.
Your quokka barely misses the frilled lizard.
The frilled lizard misses you.
You barely miss the frilled lizard.
Your quokka bites the frilled lizard.
The frilled lizard dies!
Your quokka disappears in a puff of smoke!
A bat is nearby!
No target in view!
A gnoll comes into view. It is wielding a +0 hand axe.
The gnoll shouts!
A gnoll is nearby!
Found a whip.
The gnoll hits you with a +0 hand axe.
There are monsters nearby!
Casting: Summon Small Mammal (safe; 4% risk of failure)
Confirm with . or Enter, or press ? or * to list all spells.
The gnoll hits you with a +0 hand axe.
The gnoll hits your quokka but does no damage.
The bat closely misses your quokka. The bat closely misses your quokka.
The bat hits your quokka. The gnoll hits you with a +0 hand axe.
* * * LOW HITPOINT WARNING * * *
The gnoll barely misses your quokka.
Your quokka closely misses the bat.
The bat closely misses your quokka.
You are too injured to fight recklessly!
You are too injured to fight recklessly!
There are monsters nearby!
The bat hits your quokka but does no damage.
The bat barely misses your quokka.
Your quokka bites the bat.
Your quokka barely misses the bat.
The gnoll hits you with a +0 hand axe!
Ouch! That really hurt!
You die...

### .... .....
##################
.)....##..........##....##
.....r.bg@................
......##...(....).##....##
..... #......(†..##....#
.... #...†......##....##
... #..........##....'. ##
#..........##....##
#........?.##......
............##.....#
.............##......


You could see a gnoll, a bat (ally target) and a friendly quokka (summoned).

Vanquished Creatures
  A dart slug (D:1)
  An endoplasm (D:1)
  A goblin (D:1)
  A rat (D:1)
4 creatures vanquished.

Vanquished Creatures (collateral kills)
  2 dart slugs (D:1)
  A ball python (D:1)
  A goblin (D:1)
  A frilled lizard (D:1)
  A rat (D:1)
6 creatures vanquished.

Grand Total: 10 creatures vanquished

Notes
Turn   | Place    | Note
-------+----------+-------------------------------------------
     0 | D:1      | kae the Merfolk Summoner began the quest for the Orb.
     0 | D:1      | Reached XP level 1. HP: 13/13 MP: 3/3
   667 | D:1      | Reached XP level 2. HP: 20/20 MP: 3/5
   727 | D:1      | Learned a level 2 spell: Call Imp
  1379 | D:1      | Mangled by a gnoll

Illustrated notes

Levels and vault maps discovered:
D:1:      lemuel_arrival_river_passageway, layout_basic,
          ebering_ecumenical_altar_webs, minivault_14

Skill      XL: |  1  2 |
---------------+-------+-----
Dodging        | 3 |  3.0
Fighting       | |  0.8
Stealth        | |  2.1
Spellcasting   | |  2.1
Summonings     | |  4.2

Action                   || total
-------------------------++-------
Melee: Unarmed           ||    51
 Cast: Summon Small Mamm ||    10
 Stab: Sleeping          ||     2
       Distracted        ||     1
Armor: Robe              ||     6
Dodge: Dodged            ||    19

Table legend: (Time is in decaauts)
 A = Elapsed time spent in this place.
 B = Non-inter-level travel time spent in this place.
 C = Inter-level travel time spent in this place.
 D = Time resting spent in this place.
 E = Time spent auto-exploring this place.
 F = Levels seen in this place.
 G = Mean time per level.
                   A        B        C        D        E       F      G
               +--------+--------+--------+--------+--------+-----+--------+
         Total |   1368 |   1368 |      0 |    445 |    751 |   1 | 1368.0 |
       Dungeon |   1368 |   1368 |      0 |    445 |    751 |   1 | 1368.0 |
               +--------+--------+--------+--------+--------+-----+--------+

Top non-repeatable levels by time:
     D:1: 1368 daAuts
